 Dungeon Crawl Stone Soup version 0.20.1-1-g8b1a95d (webtiles) character file.

668757 Gargoyl the Minotaur Barricade (level 27, -9/268 HPs)
             Began as a Minotaur Abyssal Knight on July 4, 2017.
             Was a Priest of Lugonu.
             Killed from afar by a deep elf annihilator (26 damage)
             ... with a poison arrow
             ... on level 21 of a ziggurat on July 6, 2017.
             The game lasted 04:07:04 (79952 turns).

Gargoyl the Minotaur Barricade (MiAK)              Turns: 79952, Time: 04:07:05

Health: -9/268     AC: 40    Str: 34    XL:     27
Magic:  24/24      EV: 24    Int: 16    God:    Lugonu [***...]
Gold:   2677       SH: 27    Dex: 23    Spells: 26/26 levels left

rFire    + + .     SeeInvis +   I - +5 war axe "Fuetel" {chop, rN+ MR+ MP-9 Dex+7}
rCold    + + +     Gourm    .   N - +0 shield of the Countless Allies {rC- rCorr Str+2 Int+7}
rNeg     + + +     Faith    .   M - +10 plate armour {MR+}
rPois    .         Spirit   .   B - +2 hat of Atheism {rF+ rN+}
rElec    +         Reflect  +   L - scarf {rC+ rF+}
rCorr    +         Harm     .   W - +2 pair of gloves {archery}
MR       ++++.                  Y - +1 pair of boots of Bad Feelings {rN+ Dex+4}
Stlth    ..........             D - amulet of Attitude {Reflect rElec rC+ Str+4 Dex-3 SH+2}
Regen    0.6/turn               s - ring of Phasing {EV+8}
MPRegen  0.2/turn               m - ring of Susefoad {rC+ Str+3 SInv}

@: lethally poisoned (-9 -> -14), berserk cooldown, very slightly contaminated,
slowed, very slow
A: retaliatory headbutt, horns 2, large bone plates 1, cold resistance 1, low mp
1, mutation resistance 1
}: 3/15 runes: serpentine, barnacled, silver
a: Depart the Abyss, Bend Space, Banish, Renounce Religion


You were on level 21 of a ziggurat.
You worshipped Lugonu.
Lugonu was most pleased with you.
You were not hungry.

You visited 8 branches of the dungeon, and saw 44 of its levels.
You visited the Abyss 4 times.
You visited 1 bazaar.
You visited 1 ziggurat, and saw 21 of its levels.
You also visited: Labyrinth and Volcano.

You collected 7188 gold pieces.
You spent 4511 gold pieces at shops.

Inventory:

Hand Weapons
 a - a +9 broad axe of flaming
 w - the +8 mithril axe "Arga" {speed, MR+}
   (You found it on level 14 of a ziggurat)

   Attacks with this weapon are significantly faster.
   It affects your resistance to hostile enchantments.
 y - a +9 broad axe of electrocution
 I - the +5 war axe "Fuetel" (weapon) {chop, rN+ MR+ MP-9 Dex+7}
   (You found it on level 15 of the Dungeon)

   It inflicts extra damage upon your enemies.
   It affects your dexterity (+7).
   It protects you from negative energy.
   It affects your resistance to hostile enchantments.
   It affects your magic capacity (-9).
 J - a +4 demon trident of draining
Missiles
 S - 19 javelins (quivered)
Armour
 B - the +2 hat of Atheism (worn) {rF+ rN+}
   (You acquired it on level 8 of the Dungeon)

   It protects you from fire.
   It protects you from negative energy.
 L - a scarf of resistance (worn)
 M - a +10 plate armour of magic resistance (worn)
 N - the +0 shield of the Countless Allies (worn) {rC- rCorr Str+2 Int+7}
   (You found it on level 7 of a ziggurat)

   It affects your strength (+2).
   It affects your intelligence (+7).
   It makes you vulnerable to cold.
   It protects you from acid and corrosion.
 W - a +2 pair of gloves of archery (worn)
 Y - the +1 pair of boots of Bad Feelings (worn) {rN+ Dex+4}
   (You found it on level 4 of the Snake Pit)

   It affects your dexterity (+4).
   It protects you from negative energy.
Jewellery
 l - the ring of Abbeps {Dex+2 SInv}
   (You took it off a deep elf mage on level 5 of the Vaults)

   [ring of see invisible]

   It affects your dexterity (+2).
   It lets you see invisible.
 m - the ring of Susefoad (right hand) {rC+ Str+3 SInv}
   (You found it on level 18 of a ziggurat)

   [ring of protection from cold]

   It affects your strength (+3).
   It protects you from cold.
   It lets you see invisible.
 s - the ring of Phasing (left hand) {EV+8}
   (You found it on level 9 of a ziggurat)

   [ring of evasion]

   It affects your evasion (+8).
 t - an uncursed ring of see invisible
 u - the amulet of Vitality {Regen+ HP+15}
   (You found it on level 4 of the Depths)

   [amulet of regeneration]

   It affects your health (+15).
   It increases your rate of regeneration.
 z - a +4 ring of dexterity
 D - the amulet of Attitude (around neck) {Reflect rElec rC+ Str+4 Dex-3 SH+2}
   (You bought it in a shop on level 2 of the Orcish Mines)

   [amulet of reflection]

   It shields you and reflects attacks.
   It affects your strength (+4).
   It affects your dexterity (-3).
   It protects you from cold.
   It insulates you from electricity.
   It affects your SH (+2).
 F - the ring of Wyodghovu {MR+ Str+2}
   (You took it off a deep elf elementalist on level 3 of the Elven Halls)

   [ring of protection from magic]

   It affects your strength (+2).
   It affects your resistance to hostile enchantments.
 G - the ring of the Mage {Wiz MR++ Int+3}
   (You found it on level 10 of a ziggurat)

   [ring of wizardry]

   It improves your spell success rate.
   It affects your intelligence (+3).
   It affects your resistance to hostile enchantments.
 H - an uncursed ring of protection from cold
 O - an uncursed ring of protection from fire
 Q - the ring "Ongaun" {rCorr Dex+3}
   (You found it in a labyrinth)

   [ring of resist corrosion]

   It affects your dexterity (+3).
Wands
 i - a wand of digging (6/24)
Scrolls
 e - 2 scrolls of silence
 q - 19 scrolls of remove curse
 v - 19 scrolls of identify
 x - 20 scrolls of teleportation
 E - 6 scrolls of magic mapping
 P - 10 scrolls of fog
 R - a scroll of amnesia
 T - 6 scrolls of recharging
Potions
 f - 3 potions of magic
 g - 2 potions of berserk rage
 j - 8 potions of flight
 o - a potion of haste
 p - 2 potions of curing
 K - a potion of cancellation
Comestibles
 b - 22 royal jellies
 c - 16 bread rations
 k - 14 fruits
 C - 15 meat rations


   Skills:
 + Level 25.8 Fighting
 + Level 25.4 Axes
 + Level 1.4(17.6) Polearms
 + Level 2.2 Throwing
 * Level 24.4 Armour
 + Level 8.2 Dodging
 O Level 27 Shields
 * Level 22.7 Invocations
 + Level 1.2 Evocations


You had 26 spell levels left.
You didn't know any spells.

Dungeon Overview and Level Annotations

Branches:
Dungeon (15/15)            Temple (0/1) D:6            Lair (6/6) D:11
 Shoals (4/4) Lair:4        Snake (4/4) Lair:2        Slime (0/5) Lair:6
    Orc (2/2) D:11            Elf (3/3) Orc:2        Vaults (5/5) D:14
  Crypt (0/3) Vaults:3     Depths (5/5) D:15            Zot (0/5) Depths:5

Altars:
Hepliaklqana
Makhleb
Nemelex Xobeh
Ru
Sif Muna
Trog
Uskayaw
Vehumet
Xom
Zin
Jiyva

Shops:
D:4 }   D:5 [   D:8 }   Orc:2 !=?%*   Elf:1 %   Snake:4 ::[%   Depths:2 }}=%

Portals:
Hell: Depths:1 Depths:2 Depths:3 Depths:4 Depths:5
Abyss: Depths:4
Pandemonium: Depths:3 Depths:4
Trove: D:10 (give 5 scrolls of blinking)

Annotations:
Vaults:5 corrupted


Innate Abilities, Weirdness & Mutations

You reflexively headbutt those who attack you in melee.
You have a pair of horns on your head.
You are partially covered in large bone plates. (SH +4)
Your flesh is cold resistant. (rC+)
Your magical capacity is low. (-10% MP)
You are somewhat resistant to further mutation.


Message History

Unknown command.
You barely miss the deep elf archer. You headbutt the deep elf archer!
You kill the deep elf archer!
Lugonu accepts your kill.
You hit the earth elemental but do no damage.
You slash the earth elemental!
You hit the earth elemental but do no damage.
The deep elf annihilator mumbles some strange words.
The deep elf annihilator blinks!
You slice the deep elf mage!!
You kill the deep elf mage!
Lugonu accepts your kill.
The earth elemental disappears in a puff of smoke!
You slash the earth elemental! You hit the earth elemental.
You block the earth elemental's attack. x2
Unknown command.
The deep elf annihilator points at you and mumbles some strange words.
The poison arrow hits you!
You are poisoned.
You die...

▓▓.......##..
▓..........(.
▓............
▓.....((.....
▓............
▓▓.....E.(....
▓(.∩..........
▓▓..e((.......
▓))@E((......
▓)))E(e......
▓()))(.......
▓))).........
▓▓)).....##..
▓.....(## .
▓▓.....#
▓.......
▓▓......


You could see a deep elf annihilator, a deep elf archer, 2 earth elementals and
a water elemental.

Vanquished Creatures
  2 juggernauts (Zig:17)
  Sojobo (Depths:3)
  Xtahua (Depths:3)
  Vashnia (Snake:2)
  2 shard shrikes (Zig:13)
  A caustic shrike (Zig:12)
  5 golden dragons
  Nikola (Elf:1)
  2 bone dragons
  A pearl dragon (Zig:16)
  A Tzitzimitl (Zig:6)
  7 liches
  Jorgrun (Shoals:3)
  3 hellephants
  4 tentacled monstrosities
  The ghost of ANON1729 the Devastator, an adept TeCj of Vehumet (Vaults:3)
  An Ice Fiend (Zig:9)
  5 iron giants
  The ghost of maxonian the Warrior, an adept OgTm of Ru (Snake:3)
  Asterion (Elf:1)
  4 krakens (Shoals:2)
  8 titans
  5 acid blobs (Zig:14)
  2 deep elf master archers
  4 deep elf blademasters
  An Executioner (Zig:15)
  5 sphinxes
  2 ancient champions (Vaults:3)
  Kirke (Shoals:4)
  Frances (Elf:1)
  4 tentacled starspawn (Abyss:1)
  9 tengu reavers
  5 shadow dragons
  A draconian monk (Depths:5)
  3 storm dragons
  Ilsuiw (Shoals:4)
  9 nagarajas
  2 azure jellies (Zig:14)
  11 fire giants
  17 frost giants
  4 ghost moths (Zig:19)
  A balrug (Zig:8)
  4 orc warlords
  18 vault wardens
  6 deep elf sorcerers
  3 emperor scorpions
  Louise (Snake:3)
  2 caustic shrike zombies
  2 juggernaut zombies (Zig:13)
  7 deep elf elementalists
  8 reapers
  A caustic shrike skeleton (Zig:20)
  5 war gargoyles
  20 ironheart preservers
  2 spriggan defenders
  33 very ugly things
  21 stone giants
  9 entropy weavers
  2 juggernaut skeletons
  5 dire elephants
  7 deep elf demonologists
  3 vampire knights
  2 bennus (Zig:1)
  Azrael (Snake:3)
  A green draconian (Depths:5)
  A purple draconian (Depths:5)
  A black draconian (Depths:5)
  A corrupter (Zig:15)
  5 spark wasps
  11 deep elf annihilators
  2 red draconians
  2 yellow draconians (Depths:5)
  A white draconian (Depths:5)
  3 blizzard demons
  2 merfolk javelineers (Shoals:4)
  A quicksilver dragon zombie (Depths:4)
  17 ettins
  An ettin (shapeshifter) (Elf:3)
  An eidolon (Zig:4)
  20 large abominations
  A minotaur (Lab)
  8 deep elf death magi
  11 merfolk impalers
  18 fire dragons
  Snorg (Lair:4)
  4 death oozes (Zig:14)
  11 deep elf high priests
  Erolcha (D:10)
  16 yaktaur captains
  9 great orbs of eyes
  32 vault guards
  5 rakshasas
  22 naga warriors
  3 spriggan air magi
  2 quicksilver dragon skeletons
  9 ice dragons
  A hydra (shapeshifter) (Vaults:5)
  13 hydras
  18 anacondas
  10 centaur warriors
  9 merfolk avatars
  2 alligator snapping turtles (Shoals:4)
  9 merfolk aquamancers
  21 ogre magi
  5 tengu warriors
  58 two-headed ogres
  2 catoblepae
  15 deep troll shamans
  37 dancing weapons
  5 deep troll earth magi
  8 death yaks
  2 death knights
  2 vampire magi
  The ghost of Alannah the Thaumaturge, a journeyman GrFE of Vehumet (D:10)
  A titan zombie (Zig:8)
  A death scarab (Zig:1)
  The ghost of Dadi the Carver, a novice DsGl of Okawaru (D:11)
  7 orc high priests
  2 hell hogs (Depths:1)
  2 shock serpents (shapeshifter) (Vaults:5)
  47 deep elf knights
  4 thrashing horrors
  2 spriggan berserkers
  9 shock serpents
  19 naga sharpshooters
  A sun demon (Zig:5)
  A sixfirhy (Abyss:1)
  3 titan skeletons
  7 hell knights
  9 skeletal warriors
  5 iron trolls
  4 wretched stars
  A fire crab (Lair:6)
  16 sea snakes
  A spriggan druid (Zig:12)
  3 storm dragon skeletons
  2 spatial maelstroms (Zig:15)
  A shadow demon (Abyss:1)
  An anaconda zombie (Zig:18)
  36 deep trolls
  2 golden dragon zombies
  10 glowing orange brains
  An unseen horror (shapeshifter) (Depths:2)
  4 salamander mystics (Snake:4)
  18 ironbrand convokers
  3 flayed ghosts
  An orange crystal statue (Zig:10)
  23 deep elf archers
  Pikel (D:4)
  3 golden dragon skeletons
  2 obsidian statues
  5 lindwurms
  2 wizards
  5 unseen horrors
  A phantasmal warrior (Vaults:5)
  A sphinx zombie (Zig:18)
  7 naga ritualists
  20 harpies
  5 necromancers
  A wolf spider zombie (D:15)
  5 tengu zombies
  21 orc knights
  4 orb spiders
  109 deep elf magi
  19 mana vipers
  A shadow dragon zombie (Zig:18)
  12 wolf spiders
  3 moths of wrath (Zig:19)
  46 ugly things
  20 fauns
  2 tengu skeletons
  7 orc sorcerers
  An iron dragon zombie (Zig:18)
  A cyclops (shapeshifter) (Depths:1)
  A shadow dragon skeleton (Zig:13)
  A salamander (shapeshifter) (Zig:10)
  10 salamanders
  12 manticores
  19 cyclopes
  2 worldbinders
  12 merfolk sirens
  13 elephants
  An iron dragon skeleton (Depths:4)
  A frost giant skeleton (Zig:13)
  9 vault sentinels
  9 guardian serpents
  28 naga magi
  7 rust devils
  50 black mambas
  2 spriggan zombies
  5 elf zombies
  An eye of devastation (shapeshifter) (Depths:2)
  6 water nymphs
  Joseph (D:9)
  A guardian serpent (shapeshifter) (Vaults:2)
  8 smoke demons
  4 torpor snails
  A spiny frog (shapeshifter) (Vaults:5)
  2 torpor snails (shapeshifter)
  17 spiny frogs
  3 orange demons
  3 elf skeletons
  2 efreet
  A yaktaur zombie (Vaults:5)
  10 freezing wraiths
  9 demonic crawlers
  A komodo dragon (shapeshifter) (Depths:2)
  3 hellions
  7 rime drakes
  6 ice devils
  8 komodo dragons
  45 yaktaurs
  3 red devils
  2 tengu conjurers
  5 ancient zymes
  11 trolls
  31 merfolk
  5 hornets
  2 meliai (shapeshifter)
  2 polar bears
  12 jumping spiders
  29 slime creatures
  A hornet (shapeshifter) (Vaults:4)
  A slime creature (shapeshifter) (Vaults:4)
  A sphinx simulacrum (Depths:4)
  13 blink frogs
  14 raiju
  A wind drake (shapeshifter) (Elf:1)
  A dream sheep (shapeshifter) (Vaults:5)
  9 snapping turtles
  15 hippogriffs
  7 wind drakes
  A raiju (shapeshifter) (Zig:15)
  28 dream sheep
  A fire dragon zombie (Zig:18)
  A hippogriff (shapeshifter) (Vaults:3)
  8 flying skulls
  15 redbacks
  A stone giant simulacrum (Vaults:1)
  11 air elementals
  3 ynoxinuls
  24 water elementals
  A redback (shapeshifter) (Depths:1)
  A vampire (D:14)
  6 wraiths
  3 shadows
  2 hogs (shapeshifter)
  A human (shapeshifter) (Zig:2)
  50 yaks
  10 tarantellas
  4 wyverns
  8 fire elementals
  8 basilisks
  2 hungry ghosts
  A fire bat (Zig:5)
  A golden eye (Zig:14)
  2 hogs (Shoals:4)
  2 vampire mosquitoes (D:15)
  2 chaos spawn (Abyss:1)
  A steam dragon (D:9)
  6 neqoxecs
  11 wargs
  54 nagas
  2 insubstantial wisps (Abyss:1)
  3 acid dragons
  15 water moccasins
  A floating eye (shapeshifter) (Vaults:5)
  A floating eye (Zig:14)
  14 hell hounds
  5 ice beasts
  7 porcupines
  A black bear (Lair:6)
  49 orc warriors
  9 sky beasts
  2 slaves (D:4)
  3 eyes of draining
  An ettin simulacrum (Vaults:5)
  4 phantoms
  3 boggarts (Vaults:1)
  54 ogres
  An ogre (shapeshifter) (Vaults:5)
  A necrophage (D:6)
  37 wolves
  23 centaurs
  16 crocodiles
  A big kobold (D:9)
  15 bullfrogs
  A bullfrog (shapeshifter) (Vaults:4)
  18 small abominations
  5 earth elementals
  5 scorpions
  5 killer bees (D:11)
  14 wights
  13 howler monkeys
  3 bullfrog zombies
  6 crimson imps
  5 starcursed masses (Abyss:1)
  5 centaur zombies
  3 human simulacra
  5 quasits
  11 hounds
  7 jellies
  23 orc wizards
  31 orc priests
  2 bullfrog skeletons
  11 iron imps
  9 centaur skeletons
  6 iguanas
  Terence (D:3)
  A lightning spire (Zig:11)
  6 worker ants
  A hound zombie (D:7)
  3 hound skeletons
  12 adders
  15 gnolls
  A howler monkey skeleton (D:5)
  8 shadow imps
  7 white imps
  2 ufetubi
  2 oozes
  An adder skeleton (D:8)
  An adder zombie (D:5)
  3 worms
  2 dart slugs
  A leopard gecko (shapeshifter) (Vaults:5)
  8 leopard geckos
  101 orcs
  A ball python (D:2)
  4 giant cockroaches
  8 goblins
  13 hobgoblins
  10 jackals
  2 quokkas
  8 bats
  5 frilled lizards
  10 kobolds
  A leopard gecko skeleton (D:5)
  2 quokka zombies
  8 rats
  11 crawling corpses
  A fungus (Lair:2)
  A lurking horror (Abyss:1)
  13 plants
  5 starspawn tentacles (Abyss:1)
  10 tentacles (Shoals:2)
2797 creatures vanquished.

Vanquished Creatures (collateral kills)
  A vault guard (Vaults:5)
  A salamander (Snake:4)
  A naga mage (Snake:4)
  A naga (Snake:4)
4 creatures vanquished.

Vanquished Creatures (others)
  2 deep elf blademasters (Zig:21)
  5 deep elf master archers
  Aizul (Vaults:1)
  2 reapers (Zig:18)
  4 entropy weavers
  A deep elf demonologist (Zig:21)
  A deep elf death mage (Elf:3)
  A merfolk javelineer (Shoals:4)
  2 deep elf high priests
  3 vault guards (Vaults:5)
  2 yaktaur captains (Vaults:5)
  A rakshasa (Depths:3)
  3 centaur warriors
  A large abomination (Zig:21)
  A two-headed ogre (Depths:1)
  4 satyrs
  2 dancing weapons (Zig:21)
  3 small abominations
  3 deep elf knights
  3 naga sharpshooters
  A shadow wraith (Vaults:5)
  A skeletal warrior (D:11)
  4 unseen horrors
  A naga ritualist (Snake:4)
  15 deep elf archers
  2 ironbrand convokers
  6 deep elf magi
  3 orb spiders
  2 iron dragon zombies
  7 fauns
  A moth of wrath (Zig:11)
  2 cyclopes (Shoals:1)
  A black mamba (Snake:4)
  A naga mage (Snake:4)
  15 yaktaurs
  8 tormentors
  A rime drake (shapeshifter) (Elf:1)
  A red devil (Volcano)
  A raiju (Abyss:1)
  A tarantella (Zig:19)
  A human (Shoals:4)
  A naga (Snake:4)
  2 slaves (D:4)
  2 ogres (Vaults:5)
  A boggart (Vaults:1)
  8 centaurs
  An earth elemental (Zig:21)
  A quasit (D:12)
  An orc priest (Vaults:2)
  An orc wizard (Vaults:2)
  A shadow imp (D:12)
  An ufetubus (D:12)
  A worm (D:4)
  An orc (Orc:2)
  3 bushes (Lair:6)
  2 crawling corpses (Zig:21)
  14 fungi
  2 lurking horrors (Abyss:1)
  40 plants
  12 starspawn tentacles
  37 tentacles (Shoals:2)
252 creatures vanquished.

Grand Total: 3053 creatures vanquished

Notes
Turn   | Place    | Note
-------+----------+-------------------------------------------
     0 | Abyss:1  | Gargoyl the Minotaur Abyssal Knight began the quest for the Orb.
     0 | Abyss:1  | Reached XP level 1. HP: 19/19 MP: 1/1
    21 | Abyss:3  | Found a corrupted altar of Lugonu.
    38 | Abyss:4  | Found a corrupted altar of Lugonu.
    50 | Abyss:4  | Noticed a crystal guardian
    51 | Abyss:4  | Noticed a tentacled starspawn
    51 | Abyss:5  | Entered Level 5 of the Abyss
    51 | Abyss:5  | Found a corrupted altar of Lugonu.
    97 | Abyss:5  | Noticed a small abomination
    98 | D:1      | Escaped the Abyss
   376 | D:1      | Reached * piety under Lugonu
   417 | D:1      | Reached XP level 2. HP: 18/27 MP: 2/2
  1161 | D:2      | Reached XP level 3. HP: 33/33 MP: 3/3
  1639 | D:2      | Reached ** piety under Lugonu
  1734 | D:2      | Reached XP level 4. HP: 39/41 MP: 4/4
  1821 | D:3      | Noticed Terence
  1834 | D:3      | Killed Terence
  2051 | D:3      | Found a glowing silver altar of Zin.
  2222 | D:3      | Gained mutation: You have a somewhat thin skeletal structure. (Dex +2, Stealth) [potion of mutation]
  2222 | D:3      | Gained mutation: You are frail. (-10% HP) [potion of mutation]
  2222 | D:3      | Gained mutation: You are partially covered in large bone plates. (SH +4) [potion of mutation]
  2222 | D:3      | Gained mutation: You can translocate small distances at will. [potion of mutation]
  2280 | D:3      | Lost mutation: You are frail. (-10% HP) [potion of mutation]
  2280 | D:3      | Lost mutation: You can translocate small distances at will. [potion of mutation]
  2280 | D:3      | Lost mutation: You have a somewhat thin skeletal structure. (Dex +2, Stealth) [potion of mutation]
  2280 | D:3      | Gained mutation: Your flesh is cold resistant. (rC+) [potion of mutation]
  2280 | D:3      | Gained mutation: You are somewhat resistant to further mutation. [potion of mutation]
  2822 | D:4      | Found Ickery's Gadget Emporium.
  2830 | D:4      | Reached skill level 1 in Shields
  2831 | D:4      | Reached XP level 5. HP: 29/47 MP: 4/6
  2981 | D:4      | Noticed an ogre
  2988 | D:4      | Killed an ogre
  2988 | D:4      | Reached skill level 2 in Shields
  2988 | D:4      | Reached XP level 6. HP: 55/55 MP: 7/7
  3057 | D:4      | Reached skill level 5 in Fighting
  3057 | D:4      | Reached skill level 5 in Armour
  3057 | D:4      | Reached skill level 3 in Shields
  3188 | D:4      | Noticed a slave
  3188 | D:4      | Noticed a slave
  3192 | D:4      | Noticed Pikel
  3224 | D:4      | Killed a slave
  3233 | D:4      | Killed a slave
  3354 | D:4      | Noticed a slave
  3357 | D:4      | Noticed a slave
  3377 | D:4      | Killed Pikel
  3377 | D:4      | Reached skill level 5 in Axes
  3377 | D:4      | Reached XP level 7. HP: 52/61 MP: 8/8
  3574 | D:4      | Reached skill level 4 in Shields
  3788 | D:4      | Reached XP level 8. HP: 46/69 MP: 9/9
  3933 | D:5      | Entered Level 5 of the Dungeon
  4131 | D:5      | Reached skill level 5 in Shields
  4154 | D:5      | Reached *** piety under Lugonu
  4446 | D:5      | Found a shimmering altar of Xom.
  4447 | D:5      | Found a sparkling altar of Nemelex Xobeh.
  4507 | D:5      | Found Puluf's Armour Shop.
  4616 | D:5      | Bought a +1 pair of boots of stealth for 198 gold pieces
  4985 | D:6      | Found a hazy altar of Hepliaklqana.
  4992 | D:6      | Reached XP level 9. HP: 75/75 MP: 11/11
  5151 | D:6      | Found a staircase to the Ecumenical Temple.
  5467 | D:6      | Reached skill level 6 in Shields
  5616 | D:7      | Reached **** piety under Lugonu
  5696 | D:7      | Reached skill level 5 in Invocations
  6016 | D:7      | Noticed a moth of wrath
  6033 | D:7      | Found a bloodstained altar of Trog.
  6347 | D:8      | Noticed a dagger
  6348 | D:8      | Noticed a hand axe
  6352 | D:8      | Found a hide-covered altar of Uskayaw.
  6403 | D:8      | Identified a scroll of acquirement
  6404 | D:8      | Got a fine hat
  6410 | D:8      | Identified the +2 hat of Atheism {rF+ rN+} (You acquired it on level 8 of the Dungeon)
  6422 | D:8      | Found Ledaronao's Gadget Shoppe.
  6470 | D:8      | Reached skill level 7 in Shields
  6817 | D:8      | Reached ***** piety under Lugonu
  6861 | D:9      | Noticed Joseph
  6889 | D:9      | Killed Joseph
  6974 | D:9      | Reached XP level 10. HP: 83/84 MP: 13/13
  7200 | D:9      | Reached skill level 8 in Shields
  7861 | D:10     | Entered Level 10 of the Dungeon
  7920 | D:10     | Noticed Alannah's ghost (journeyman GrFE)
  7946 | D:10     | Noticed an eight-headed hydra
  7956 | D:10     | Killed a five-headed hydra
  7956 | D:10     | Reached skill level 10 in Axes
  7956 | D:10     | Reached skill level 9 in Shields
  8194 | D:10     | Killed Alannah's ghost
  8377 | D:10     | Noticed a two-headed ogre
  8383 | D:10     | Killed a two-headed ogre
  8383 | D:10     | Reached skill level 10 in Armour
  8383 | D:10     | Reached skill level 10 in Shields
  8383 | D:10     | Reached XP level 11. HP: 92/92 MP: 15/15
  8395 | D:10     | Found a burning altar of Makhleb.
  8399 | D:10     | Found a portal to a secret trove of treasure.
  8457 | D:10     | Noticed Erolcha
  8466 | D:10     | Killed Erolcha
  8665 | D:11     | Found a shimmering altar of Xom.
  8741 | D:11     | Found a staircase to the Orcish Mines.
  8893 | D:11     | Noticed an obsidian statue
  8913 | D:11     | Noticed a two-headed ogre
  8914 | D:11     | Noticed a skeletal warrior
  8914 | D:11     | Noticed a skeletal warrior
  8914 | D:11     | Noticed a skeletal warrior
  8939 | D:11     | Killed a two-headed ogre
  8979 | D:11     | Killed a skeletal warrior
  9009 | D:11     | Banished a skeletal warrior
  9010 | D:11     | Banished a skeletal warrior
  9222 | D:11     | Noticed Dadi's ghost (novice DsGl)
  9293 | D:11     | Killed Dadi's ghost
  9435 | D:11     | Reached skill level 11 in Shields
  9459 | D:11     | Found a staircase to the Lair.
  9939 | Lair:1   | Entered Level 1 of the Lair of Beasts
 10066 | Lair:1   | Reached XP level 12. HP: 63/101 MP: 17/17
 11448 | Lair:2   | Reached skill level 12 in Shields
 11600 | Lair:2   | Noticed a seven-headed hydra
 11611 | Lair:2   | Killed a one-headed hydra
 11698 | Lair:2   | Found a dark tunnel.
 11751 | Volcano  | Entered a volcano
 12197 | Lair:2   | Found a staircase to the Snake Pit.
 12378 | Lair:2   | Noticed a six-headed hydra
 12385 | Lair:2   | Killed a two-headed hydra
 12627 | Lair:3   | Reached XP level 13. HP: 110/110 MP: 19/19
 12848 | Lair:3   | Reached ****** piety under Lugonu
 12975 | Lair:3   | Reached skill level 10 in Invocations
 13789 | Lair:4   | Found a staircase to the Shoals.
 14533 | Lair:5   | Noticed Snorg
 14538 | Lair:5   | Reached skill level 13 in Shields
 14587 | Lair:4   | Killed Snorg
 15187 | Lair:6   | Entered Level 6 of the Lair of Beasts
 16106 | Lair:6   | Found a viscous altar of Jiyva.
 16106 | Lair:6   | Found a staircase to the Slime Pits.
 16263 | Lair:6   | Reached XP level 14. HP: 89/119 MP: 21/21
 16497 | Lair:6   | Reached skill level 10 in Fighting
 16982 | Lair:6   | Reached skill level 14 in Shields
 17819 | D:12     | Reached skill level 15 in Axes
 18750 | D:12     | You fall through a shaft for 3 floors!
 18750 | D:15     | Entered Level 15 of the Dungeon
 18892 | D:14     | Found a gate to the Vaults.
 20051 | D:13     | Reached XP level 15. HP: 128/128 MP: 23/23
 20546 | D:12     | Reached skill level 5 in Dodging
 20646 | Orc:1    | Entered Level 1 of the Orcish Mines
 20852 | Orc:1    | Reached skill level 15 in Shields
 21355 | Orc:2    | Entered Level 2 of the Orcish Mines
 21378 | Orc:2    | Found a staircase to the Elven Halls.
 21380 | Orc:2    | Found a labyrinth entrance.
 21458 | Lab      | Entered a labyrinth
 21927 | Lab      | Got a wavering iron ring
 22059 | Orc:2    | Identified the ring "Ongaun" {rCorr Dex+3} (You found it in a labyrinth)
 22925 | Orc:2    | Noticed an orc warlord
 23033 | Orc:1    | Killed an orc warlord
 23065 | Orc:2    | Paralysed by an orc sorcerer for 6 turns
 23384 | Orc:2    | Found Voroph's Jewellery Shoppe.
 23387 | Orc:2    | Found Ceex's Food Emporium.
 23388 | Orc:2    | Found Suffy's General Store.
 23389 | Orc:2    | Found Pyutam's Magic Scroll Shoppe.
 23392 | Orc:2    | Bought a scroll of enchant weapon for 82 gold pieces
 23395 | Orc:2    | Bought a scroll of teleportation for 45 gold pieces
 23395 | Orc:2    | Bought a scroll of teleportation for 45 gold pieces
 23395 | Orc:2    | Bought a scroll of brand weapon for 300 gold pieces
 23396 | Orc:2    | Bought a +4 ring of evasion for 396 gold pieces
 23475 | Orc:2    | Noticed an orc warlord
 23483 | Orc:2    | Found Qeamutepyso's Distillery.
 23516 | Orc:2    | Killed an orc warlord
 24061 | D:13     | Found a shimmering altar of Xom.
 24738 | Orc:2    | Bought the amulet of Attitude {Reflect rElec rC+ Str+4 Dex-3 SH+2} for 336 gold pieces
 25640 | D:15     | Got a faintly glowing war axe
 25641 | D:15     | Identified the +5 war axe "Fuetel" {chop, rN+ MR+ MP-9 Dex+7} (You found it on level 15 of the Dungeon)
 25665 | D:15     | Reached skill level 15 in Armour
 26147 | D:15     | Reached XP level 16. HP: 121/139 MP: 15/24
 26361 | D:15     | Found a staircase to the Depths.
 26452 | Depths:1 | Entered Level 1 of the Depths
 26482 | D:15     | Reached skill level 16 in Shields
 27401 | Depths:1 | Found a gateway to Hell.
 27614 | Depths:1 | Found a runed door.
 27637 | Depths:1 | Found a runed door.
 27646 | Depths:1 | Found a runed warning-scrawled door.
 27689 | Depths:1 | Reached skill level 17 in Shields
 28877 | Elf:1    | Entered Level 1 of the Elven Halls
 28882 | Elf:1    | Noticed Nikola
 28924 | Elf:1    | Killed Nikola
 29271 | Elf:1    | Noticed Frances
 29289 | Elf:1    | Killed Frances
 29371 | Elf:1    | Reached XP level 17. HP: 149/149 MP: 17/26
 29626 | Elf:1    | Noticed Asterion
 29643 | Elf:1    | Killed Asterion
 29653 | Elf:1    | Found Agaiba Bustru's Food Boutique.
 30682 | Elf:1    | Noticed a Brimstone Fiend
 31070 | Elf:1    | Reached skill level 18 in Shields
 31133 | Elf:1    | Got a warped platinum ring
 31561 | Elf:2    | Got a pair of fine gloves
 31572 | Elf:2    | Identified the +1 pair of gloves of Soti {Stlth+} (You acquired it on level 2 of the Elven Halls)
 32384 | Elf:2    | Found a runed gate.
 32386 | Elf:2    | Found a runed gate.
 32389 | Elf:2    | Found a runed gate.
 32809 | Elf:2    | Reached XP level 18. HP: 113/160 MP: 18/27
 33344 | Elf:2    | Reached skill level 19 in Shields
 33576 | Elf:3    | Entered Level 3 of the Elven Halls
 33578 | Elf:3    | Identified the ring "Tesowan" {Str+2 Stlth+} (You found it on level 1 of the Elven Halls)
 34431 | Elf:3    | Noticed an Ice Fiend
 34628 | Elf:3    | Reached skill level 15 in Invocations
 34666 | Elf:3    | Reached skill level 15 in Fighting
 34673 | Elf:3    | Got a steaming iron ring
 34828 | Elf:3    | Got a scintillating marble ring
 34842 | Elf:3    | Got a heavily runed iron ring
 34874 | Elf:3    | Got a transparent broad axe {chop}
 34928 | Elf:2    | Identified the +5 broad axe of the Tired Eyes {chop, +Inv rElec Int+5 Stlth-} (You took it off a deep elf annihilator on level 3 of the Elven Halls)
 35166 | Elf:3    | Got an encrusted hand axe
 35347 | Elf:3    | Identified the +4 hand axe of Zexacu Jugydd {chop, rC+} (You found it on level 3 of the Elven Halls)
 35611 | Elf:3    | Identified the ring of Vyciem {rC+ MP+9 Str-4 SInv Stlth+} (You took it off a deep elf knight on level 3 of the Elven Halls)
 35614 | Elf:3    | Identified the ring "Gakuc" {*Tele rElec rC- Str+2 Int+2} (You found it on level 3 of the Elven Halls)
 35617 | Elf:3    | Identified the ring of Wyodghovu {MR+ Str+2} (You took it off a deep elf elementalist on level 3 of the Elven Halls)
 35683 | Elf:3    | Reached XP level 19. HP: 164/170 MP: 20/29
 35776 | Elf:3    | Found a deep blue altar of Sif Muna.
 36423 | Snake:1  | Entered Level 1 of the Snake Pit
 36798 | Snake:1  | Reached skill level 20 in Shields
 37043 | Snake:1  | Got a translucent plate armour
 37054 | Snake:1  | Identified the cursed +1 plate armour of the Valley {rPois rC++ Str-4 Int+3} (You found it on level 1 of the Snake Pit)
 39136 | Snake:2  | Found a sacrificial altar of Ru.
 39681 | Snake:3  | Noticed Azrael
 39778 | Snake:3  | Killed Azrael
 39897 | Snake:3  | Noticed maxonian's ghost (adept OgTm)
 40061 | Snake:3  | Killed maxonian's ghost
 40361 | Snake:3  | Noticed Vashnia
 40611 | Snake:2  | Killed Vashnia
 41773 | Snake:3  | Noticed Louise
 41782 | Snake:3  | Killed Louise
 42056 | Snake:3  | Reached skill level 21 in Shields
 42154 | Snake:4  | Entered Level 4 of the Snake Pit
 42157 | Snake:4  | Found Osucoic's Food Emporium.
 42158 | Snake:4  | Found Paagadonk's Armour Emporium.
 42158 | Snake:4  | Found Ebloy's Book Shoppe.
 42163 | Snake:4  | Found Penlupell's Book Shoppe.
 42172 | Snake:4  | Bought a manual of Fighting for 2208 gold pieces
 42271 | Snake:4  | Reached XP level 20. HP: 180/180 MP: 21/30
 42489 | Snake:4  | Got a pair of bloodstained boots
 42500 | Snake:4  | Identified the +1 pair of boots of Bad Feelings {rN+ Dex+4} (You found it on level 4 of the Snake Pit)
 44968 | Snake:4  | HP: 8/182 [shock serpent (10)]
 45725 | Snake:4  | Reached skill level 22 in Shields
 45759 | Snake:4  | Got a serpentine rune of Zot
 46157 | Vaults:1 | Entered Level 1 of the Vaults
 46537 | Vaults:1 | Noticed Aizul
 46548 | Vaults:1 | Killed Aizul
 47579 | Vaults:1 | Reached XP level 21. HP: 178/191 MP: 23/32
 49401 | Vaults:2 | Reached skill level 23 in Shields
 49752 | Vaults:3 | Noticed ANON1729's ghost (adept TeCj)
 49801 | Vaults:3 | Killed ANON1729's ghost
 49906 | Vaults:3 | Found a staircase to the Crypt.
 50526 | Vaults:3 | Found a flickering gateway to a bazaar.
 50533 | Bazaar   | Entered a bazaar
 50679 | Bazaar   | Found Defalyke's Distillery.
 50679 | Bazaar   | Found Idat's Antique Armour Emporium.
 50680 | Bazaar   | Found Vago's Book Boutique.
 50711 | Bazaar   | Found Gomel's Assorted Antiques.
 50737 | Bazaar   | Bought a glowing plate armour for 338 gold pieces
 50737 | Bazaar   | Bought a runed plate armour for 338 gold pieces
 50806 | Vaults:3 | Found a radiant altar of Vehumet.
 51660 | Vaults:4 | Reached XP level 22. HP: 205/205 MP: 24/33
 53534 | Vaults:5 | Entered Level 5 of the Vaults
 53535 | Vaults:5 | Corrupted Vaults:5
 53536 | Vaults:5 | Noticed a golden dragon
 53931 | Depths:2 | Found Jogoschucw's Jewellery Emporium.
 53931 | Depths:2 | Found Venac's Gadget Shop.
 53932 | Depths:2 | Found Jeder's Gadget Shop.
 53951 | Depths:2 | Bought an uncursed ring of see invisible for 225 gold pieces
 54481 | Depths:2 | Found Titaes's Food Shop.
 55283 | Depths:2 | Reached skill level 24 in Shields
 55308 | Depths:2 | Noticed a golden dragon
 55317 | Depths:2 | Killed a golden dragon
 55317 | Depths:2 | Reached skill level 1 in Throwing
 56032 | Depths:3 | Found a gateway to a ziggurat.
 56330 | Depths:3 | Reached XP level 23. HP: 167/218 MP: 25/34
 56331 | Depths:3 | Found a hazy altar of Hepliaklqana.
 56403 | Depths:3 | Noticed Sojobo
 56459 | Depths:3 | Killed Sojobo
 56592 | Depths:3 | Found a one-way gate leading to the halls of Pandemonium.
 57194 | Depths:3 | Noticed Xtahua
 57209 | Depths:3 | Killed Xtahua
 58383 | Vaults:5 | Escaped the Abyss
 58947 | Vaults:5 | Reached skill level 25 in Shields
 59609 | Vaults:5 | Reached XP level 24. HP: 175/231 MP: 26/35
 61585 | Vaults:5 | Got a smoking bronze ring
 62091 | Vaults:5 | Got a silver rune of Zot
 62192 | Vaults:5 | Identified the ring of Abbeps {Dex+2 SInv} (You took it off a deep elf mage on level 5 of the Vaults)
 62263 | Vaults:5 | Got a scorched hat
 62274 | Vaults:5 | Identified the +5 hat "Nentis" {rC- MP+9 SInv} (You found it on level 5 of the Vaults)
 62925 | Shoals:1 | Entered Level 1 of the Shoals
 63244 | Shoals:1 | Reached skill level 26 in Shields
 64149 | Shoals:2 | Reached XP level 25. HP: 187/240 MP: 26/35
 65902 | Shoals:3 | Noticed Jorgrun
 65918 | Shoals:3 | Killed Jorgrun
 66179 | Shoals:4 | Entered Level 4 of the Shoals
 66301 | Shoals:4 | Got a ring of the Octopus King
 66303 | Shoals:4 | Identified a ring of the Octopus King {MP+9 AC+1 EV+1 Str+1 Int+1 Dex+1} (You found it on level 4 of the Shoals)
 66334 | Shoals:4 | Noticed Ilsuiw
 66337 | Shoals:4 | Noticed Kirke
 66355 | Shoals:4 | Killed Kirke
 67240 | Shoals:4 | Killed Ilsuiw
 67376 | Shoals:4 | Got a crude marble ring
 67383 | Shoals:4 | Identified the ring of Peziavuy {*Tele rC+ Int+2} (You found it on level 4 of the Shoals)
 67945 | Shoals:4 | Got a barnacled rune of Zot
 68800 | Depths:4 | Found a one-way gate to the infinite horrors of the Abyss.
 69624 | Depths:4 | Reached skill level 27 in Shields
 70551 | Depths:5 | Entered Level 5 of the Depths
 71157 | Depths:5 | Reached XP level 26. HP: 232/251 MP: 26/35
 71665 | Depths:5 | Found a gate to the Realm of Zot.
 72351 | Zig:1    | Entered Level 1 of a ziggurat
 72394 | Zig:2    | Entered Level 2 of a ziggurat
 72420 | Zig:3    | Entered Level 3 of a ziggurat
 72457 | Zig:4    | Entered Level 4 of a ziggurat
 72598 | Zig:5    | Entered Level 5 of a ziggurat
 72748 | Zig:5    | Got a slimy bone ring
 72762 | Zig:5    | Identified the ring of Xasmapn {MP+9 AC+5} (You found it on level 5 of a ziggurat)
 72768 | Zig:6    | Entered Level 6 of a ziggurat
 72986 | Zig:7    | Entered Level 7 of a ziggurat
 73057 | Zig:7    | Got a smoking shield
 73068 | Zig:7    | Identified the cursed +0 shield of the Countless Allies {rC- rCorr Str+2 Int+7} (You found it on level 7 of a ziggurat)
 73076 | Zig:8    | Entered Level 8 of a ziggurat
 73308 | Zig:9    | Entered Level 9 of a ziggurat
 73657 | Zig:9    | Got a faintly humming cloak
 73660 | Zig:9    | Got a twitching lead ring
 73686 | Zig:9    | Identified the +2 cloak of Lewkum {MP+9 Int+2 Dex-3} (You found it on level 9 of a ziggurat)
 73698 | Zig:9    | Identified the ring of Idealism {rF++ EV+4 Dex-2} (You found it on level 9 of a ziggurat)
 73703 | Zig:10   | Entered Level 10 of a ziggurat
 73965 | Zig:11   | Entered Level 11 of a ziggurat
 74118 | Zig:11   | Got a pair of transparent boots
 74129 | Zig:11   | Identified the cursed +0 pair of boots "Yneudd" {rPois} (You found it on level 11 of a ziggurat)
 74173 | Zig:12   | Entered Level 12 of a ziggurat
 74554 | Zig:12   | Got a flickering turquoise ring
 74555 | Zig:12   | Identified Riusiez's Disquisition on Ghastly Shape Shifting
 74577 | Zig:12   | Identified the ring "Fadduthrasea" {+Fly rC+ Str-4 SInv} (You found it on level 12 of a ziggurat)
 74591 | Zig:13   | Entered Level 13 of a ziggurat
 74707 | Zig:13   | Identified the Handbook of Dusty Darkness
 75016 | Zig:14   | Entered Level 14 of a ziggurat
 75340 | Zig:14   | Identified Sif Muna's Catalogue of Quantum Summoning
 75370 | Zig:14   | Reached skill level 1 in Polearms
 75370 | Zig:14   | Reached skill level 1 in Evocations
 75370 | Zig:14   | Reached XP level 27. HP: 264/264 MP: 27/36
 75385 | Zig:15   | Entered Level 15 of a ziggurat
 75637 | Abyss:1  | Gained mutation: Your magical capacity is low. (-10% MP) [a neqoxec]
 76136 | Abyss:1  | Paralysed by accursed screaming for 1 turns
 76462 | Zig:15   | Escaped the Abyss
 76964 | Zig:15   | Identified the Papyrus of Shifting Translocation
 76990 | Zig:16   | Entered Level 16 of a ziggurat
 77475 | Zig:16   | Escaped the Abyss
 77512 | Zig:17   | Entered Level 17 of a ziggurat
 77936 | Zig:17   | Noticed a juggernaut
 77950 | Zig:17   | Killed a juggernaut
 77960 | Zig:17   | Noticed a juggernaut
 77988 | Zig:17   | Killed a juggernaut
 78468 | Zig:18   | Entered Level 18 of a ziggurat
 79070 | Zig:18   | Got a fine pewter ring
 79090 | Zig:18   | Identified the ring of Susefoad {rC+ Str+3 SInv} (You found it on level 18 of a ziggurat)
 79093 | Zig:19   | Entered Level 19 of a ziggurat
 79670 | Zig:19   | Got a translucent platinum ring
 79676 | Zig:19   | Identified the ring of Watekh {*Slow +Fly MR+ Dex+4} (You found it on level 19 of a ziggurat)
 79693 | Zig:20   | Entered Level 20 of a ziggurat
 79837 | Zig:21   | Entered Level 21 of a ziggurat
 79937 | Zig:21   | HP: 20/402 [???[a deep elf demonologist] (8)]
 79952 | Zig:21   | Killed from afar by a deep elf annihilator

Skill      XL: |  1  2  3  4  5  6  7  8  9 10 11 12 13 14 15 16 17 18 19 20 21 22 23 24 25 26 27 |
---------------+----------------------------------------------------------------------------------+-----
Invocations    | 2 3 4 6 7 8 9 11 12 13 14 15 16 17 18 19 21 22 | 22.7
Fighting       | 4 5 6 7 8 9 10 12 13 14 15 16 17 19 20 21 22 23 24 25 | 25.8
Armour         | 3 4 5 6 7 8 10 11 12 13 14 15 16 17 18 19 20 21 22 23 24 | 24.4
Dodging        | 2 3 4 5 6 7 8 |  8.2
Shields        | 1 2 3 4 5 7 10 11 12 13 14 15 17 18 19 21 22 23 24 25 26 27 | 27.0
Axes           | 3 5 7 9 10 11 13 14 15 16 17 18 19 20 21 22 23 24 25 | 25.4
Throwing       | 1 2 |  2.2
Polearms       | 1 |  1.4
Evocations     | 1 |  1.2

Action                   |  1- 3 |  4- 6 |  7- 9 | 10-12 | 13-15 | 16-18 | 19-21 | 22-24 | 25-27 || total
-------------------------+-------+-------+-------+-------+-------+-------+-------+-------+-------++-------
Melee: Glaive            |   102 |       |       |       |       |       |       |       |       ||   102
       Headbutt          |    16 |    17 |    73 |   173 |   500 |   415 |   691 |   692 |   808 ||  3385
       Hand axe          |    24 |   115 |   433 |   370 |    76 |       |       |       |       ||  1018
       Broad axe         |       |       |       |   456 |  1690 |       |       |     2 |   145 ||  2293
       War axe           |       |       |       |       |    88 |  1300 |  1850 |  1709 |  1935 ||  6882
Throw: Tomahawk          |       |       |       |     2 |     1 |       |       |       |       ||     3
       Javelin           |       |       |       |       |       |     1 |     5 |     7 |    11 ||    24
Invok: Depart the Abyss  |     1 |       |       |       |       |       |       |     1 |     2 ||     4
       Banish            |       |       |       |     3 |     7 |       |       |     3 |    47 ||    60
       Corrupt           |       |       |       |       |       |       |       |     1 |       ||     1
       Enter the Abyss   |       |       |       |       |       |       |       |     1 |     2 ||     3
       Bend Space        |       |       |       |       |       |       |       |       |     8 ||     8
Evoke: Wand              |       |       |       |     2 |       |     1 |       |     2 |     1 ||     6
  Use: Scroll            |     5 |     5 |     7 |     8 |    10 |    14 |     9 |     6 |    37 ||   101
       Potion            |       |     3 |       |     2 |    11 |     4 |     4 |     3 |    38 ||    65
 Stab: Invisible         |       |       |       |       |       |     7 |       |       |    73 ||    80
       Distracted        |       |       |       |       |       |     4 |       |       |     1 ||     5
  Eat: Chunk             |     3 |     5 |    11 |    13 |    30 |    18 |    17 |    26 |    20 ||   143
       Fruit             |       |       |     5 |       |       |       |       |     6 |     6 ||    17
       Bread ration      |       |       |       |     1 |     4 |     3 |     8 |     3 |     3 ||    22
       Royal jelly       |       |       |       |       |       |       |       |     1 |       ||     1
       Meat ration       |       |       |       |       |       |       |       |       |     6 ||     6
Armor: Scale mail        |    98 |    27 |       |       |       |       |       |       |       ||   125
       Chain mail        |       |     6 |    91 |   295 |   718 |       |       |       |       ||  1110
       Plate armour      |       |       |       |       |   109 |   387 |   451 |   496 |   877 ||  2320
Dodge: Dodged            |   104 |    18 |    39 |   144 |   345 |   309 |   614 |   554 |  1324 ||  3451
Block: Large shield      |    14 |    96 |   325 |   970 |  2208 |   608 |       |       |       ||  4221
       Reflection        |       |       |       |       |       |   140 |   321 |   195 |   187 ||   843
       Shield            |       |       |       |       |       |   698 |  2299 |  2061 |  3226 ||  8284
